 Dungeon Crawl Stone Soup version 0.18.1-1-g2f07953 (webtiles) character file.

305 PossumBlood the Chopper (level 6, -1/51 HPs)
             Began as a Minotaur Fighter on May 6, 2016.
             Slain by a slave (3 damage)
             ... led by Pikel
             ... on level 4 of the Dungeon.
             The game lasted 00:06:32 (2594 turns).

PossumBlood the Chopper (Minotaur Fighter)          Turns: 2594, Time: 00:06:33

Health: -1/51      AC:  8    Str: 31    XL:     6   Next: 16%
Magic:  5/5        EV:  7    Int:  5    God:
Gold:   257        SH: 10    Dex:  9    Spells: 0 memorised, 5 levels left

rFire  . . .     SeeInvis .     a - +0 war axe
rCold  . . .     Gourm    .     b - +0 scale mail
rNeg   + . .     Faith    .     c - +0 shield
rPois  .         Spirit   .     (helmet restricted)
rElec  .         Dismiss  .     t - +0 cloak {MR+}
rCorr  .         Reflect  .     (no gloves)
SustAt .         Harm     .     (no boots)
MR     ++...                    (no amulet)
Stlth  ..........               h - +3 ring of strength
                                p - ring of positive energy

@: mighty, very resistant to hostile enchantments, extremely unstealthy
A: retaliatory headbutt, hooves 1, horns 2, magic resistance 1
a: no special abilities


You were on level 4 of the Dungeon.
You were not hungry.

You visited 1 branch of the dungeon, and saw 4 of its levels.

You collected 257 gold pieces.

Inventory:

Hand Weapons
 a - a +0 war axe (weapon)
 s - a +4 quarterstaff of chaos
Missiles
 m - 23 arrows
Armour
 b - a +0 scale mail (worn)
 c - a +0 shield (worn)
 t - a +0 cloak of magic resistance (worn)
Jewellery
 h - a +3 ring of strength (right hand)
 p - a ring of positive energy (left hand)
Scrolls
 g - a scroll of amnesia {unknown}
Potions
 e - a potion of lignification {unknown}
 k - 2 potions of agility {unknown}
 n - a potion of curing {unknown}
 r - 2 potions of cure mutation
Comestibles
 f - 2 bread rations
 i - 5 fruits


   Skills:
 - Level 3.6 Fighting
 * Level 7.9 Axes
 - Level 3.6 Armour
 - Level 3.6 Shields


You had 5 spell levels left.
You didn't know any spells.

Dungeon Overview and Level Annotations

Branches:
Dungeon (4/15)
 Temple: D:4-7

Altars:
Ashenzari
Kikubaaqudgha
Qazlal
Ru

Annotations:
D:4 Pikel


Innate Abilities, Weirdness & Mutations

You reflexively headbutt those who attack you in melee.
You have a pair of horns on your head.
You have large cloven feet.
You are resistant to hostile enchantments.


Message History

You are too injured to fight recklessly!
You are too injured to fight recklessly!
You are too injured to fight recklessly!
You closely miss the orc. You kick the orc.
You kill the orc!
You hit the slave.
The slave is almost dead.
You barely miss the slave. You block the slave's attack.
You completely miss Pikel. Your kick misses Pikel. You miss the slave.
You closely miss the slave. The slave barely misses you.
You block the slave's attack.
You barely miss Pikel. You slash the slave!
The slave is heavily wounded.
You slash the slave!
The slave is moderately wounded.
Pikel checks his coin pouch and frowns.
Pikel zaps a wand.
The bolt of lightning hits you!
* * * LOW HITPOINT WARNING * * *
You block the slave's attack. The slave hits you.
You die...

......# #...###.##
###.#.#.### ..#......#
.......... ..........
#....#.... .........#
#..# ....> .........#
####..# .....
.........###.<...##.....
......ppK..#.##.........
..#...p@p#.#.##..##.....
........................
#...#%..##..#.....#.....
#.#.....##........#.....
#.................#...##
)....................##
####...............#.#
#....##.#....<..# .
......[#.#.#.#.....#


You could see Pikel and 4 slaves.

Vanquished Creatures
  Crazy Yiuf (D:2)
  2 hounds (D:4)
  Natasha (D:2)
  2 adders (D:2)
  3 gnolls (D:2)
  2 oozes (D:1)
  3 worms
  4 dart slugs
  A giant gecko (D:1)
  11 orcs
  8 bats
  9 giant cockroaches
  8 goblins
  7 hobgoblins
  17 jackals
  7 giant newts
  7 kobolds
  15 rats
  A plant (D:3)
109 creatures vanquished.

Vanquished Creatures (others)
  An orc (D:4)
  2 jackals (D:3)
3 creatures vanquished.

Grand Total: 112 creatures vanquished

Notes
Turn   | Place    | Note
--------------------------------------------------------------
     0 | D:1      | PossumBlood the Minotaur Fighter began the quest for the Orb.
     0 | D:1      | Reached XP level 1. HP: 19/19 MP: 0/0
     1 | D:1      | Found a runed door.
    16 | D:1      | Reached skill level 3 in Axes
    23 | D:1      | Reached XP level 2. HP: 21/26 MP: 1/1
    38 | D:1      | Reached skill level 4 in Axes
   192 | D:1      | Reached XP level 3. HP: 31/31 MP: 2/2
   602 | D:1      | Reached skill level 5 in Axes
   932 | D:2      | Reached XP level 4. HP: 26/39 MP: 3/3
  1250 | D:2      | Reached skill level 6 in Axes
  1360 | D:2      | Noticed Natasha
  1369 | D:2      | Killed Natasha
  1369 | D:2      | Reached XP level 5. HP: 21/45 MP: 4/4
  1701 | D:2      | Noticed Crazy Yiuf
  1711 | D:2      | Killed Crazy Yiuf
  2010 | D:3      | Found a stormy altar of Qazlal.
  2068 | D:3      | Found a shattered altar of Ashenzari.
  2088 | D:3      | Reached skill level 7 in Axes
  2129 | D:3      | Gained mutation: You are resistant to hostile enchantments. [potion of beneficial mutation]
  2130 | D:3      | Gained mutation: You have large cloven feet. [potion of beneficial mutation]
  2196 | D:3      | Found an ancient bone altar of Kikubaaqudgha.
  2273 | D:3      | Found a sacrificial altar of Ru.
  2554 | D:4      | Reached XP level 6. HP: 45/51 MP: 5/5
  2584 | D:4      | Noticed a slave
  2584 | D:4      | Noticed a slave
  2585 | D:4      | Noticed a slave
  2586 | D:4      | Noticed Pikel
  2588 | D:4      | Noticed a slave
  2594 | D:4      | HP: 2/51 [Pikel/wand of lightning (12)]
  2594 | D:4      | Slain by a slave

Skill      XL: |  1  2  3  4  5 |
---------------+----------------+-----
Axes           | 3 4 5 6 7 |  7.9
Fighting       | |  3.6
Armour         | |  3.6
Shields        | |  3.6

Action                   |  1- 3 |  4- 6 || total
-------------------------+-------+-------++-------
Melee: War axe           |   125 |   158 ||   283
       Headbutt          |    12 |    25 ||    37
       Kick              |       |    12 ||    12
  Use: Scroll            |       |     8 ||     8
       Potion            |       |     3 ||     3
 Stab: Invisible         |       |     1 ||     1
  Eat: Beef jerky        |       |     3 ||     3
       Pizza             |       |     1 ||     1
Armor: Scale mail        |    55 |    57 ||   112
Dodge: Dodged            |    41 |    34 ||    75
Block: Shield            |    77 |    76 ||   153
